 Dungeon Crawl Stone Soup version 0.19.4-9-g45fd643 (webtiles) character file.

43 Gargoyl the Skirmisher (level 3, 0/33 HPs)
             Began as a Ghoul Abyssal Knight on Feb 22, 2017.
             Was a Follower of Lugonu.
             Slain by a hobgoblin (2 damage)
             ... led by Robin
             ... on level 2 of the Dungeon.
             The game lasted 00:05:12 (1124 turns).

Gargoyl the Skirmisher (Ghoul Abyssal Knight)       Turns: 1124, Time: 00:05:13

Health: 0/33       AC:  8    Str: 14 (15) XL:     3   Next: 58%
Magic:  3/3        EV:  6    Int:  5 (7)  God:    Lugonu [*.....]
Gold:   66         SH: 11    Dex: 14      Spells: 0 memorised, 2 levels left

rFire  . . .     SeeInvis .     b - -2 whip (curse)
rCold  + . .     Gourm    .     h - +0 chain mail
rNeg   + + +     Faith    .     d - +0 large shield
rPois  ∞         Spirit   .     (no helmet)
rElec  .         Reflect  .     (no cloak)
rCorr  +         Harm     .     (no gloves)
MR     .....                    (no boots)
Stlth  ..........               (no amulet)
                                (no ring)
                                j - ring of resist corrosion

@: agile, rotting
A: rotting body, claws 1, carnivore 3, cold resistance 1, negative energy
resistance 3, slow regeneration 1, torment resistance, unbreathing
a: Depart the Abyss, Renounce Religion


You were on level 2 of the Dungeon.
You worshipped Lugonu.
Lugonu was aware of your devotion.
You were not hungry.

You visited 1 branch of the dungeon, and saw 2 of its levels.
You visited the Abyss 1 time.

You collected 66 gold pieces.

Inventory:

Hand Weapons
 a - a +1 hand axe
 b - a cursed -2 whip (weapon)
 k - the +8 whip of Komoyntiut {slash, *Corrode rC+ rN+}
   (You found it on level 2 of the Abyss)

   It inflicts extra damage upon your enemies.
   It protects you from cold.
   It protects you from negative energy.
   It may corrode you when you take damage.
Armour
 d - a +0 large shield (worn)
 h - a +0 chain mail (worn)
Jewellery
 j - a ring of resist corrosion (left claw)
Potions
 i - a potion of mutation
Comestibles
 c - a meat ration
 f - a chunk of flesh
 g - a slice of pizza


   Skills:
 + Level 4.0 Fighting
 + Level 2.0 Axes
 + Level 0.1(1.1) Maces & Flails
 * Level 2.2 Armour
 + Level 1.1 Dodging
 + Level 0.6 Shields
 * Level 2.1 Invocations


You had 2 spell levels left.
You didn't know any spells.

Dungeon Overview and Level Annotations

Branches:
Dungeon (2/15)

Altars:

Annotations:
D:2 Robin


Innate Abilities, Weirdness & Mutations

Your body is rotting away.
You thrive on raw meat.
You are immune to poison.
You have sharp fingernails.
You are carnivorous and can eat meat at any time.
Your flesh is cold resistant. (rC+)
You are immune to negative energy. (rN+++)
You regenerate slowly when monsters are visible.
You are immune to unholy pain and torment.
You can survive without breathing.


Message History

Unknown command.
Okay, then.
You aren't carrying any spellbooks or scrolls.
Unknown command.
You barely miss the goblin. You block the goblin's attack. x2
The hobgoblin hits you.
* * * LOW HITPOINT WARNING * * *
Robin closely misses you. The goblin hits you but does no damage.
You closely miss the goblin. The goblin hits you but does no damage.
You block the hobgoblin's attack. The goblin hits you but does no damage.
You block Robin's attack.
You hit the goblin.
The goblin is severely wounded.
You block the goblin's attack. The hobgoblin hits you.
* * * LOW HITPOINT WARNING * * *
You block the goblin's attack. Robin hits you but does no damage.
Your shield and chain mail prevent you from hitting the goblin.
The goblin is severely wounded.
The hobgoblin hits you.
You die... #.# #.# #.# #### ##+## .lS

..###...## #g#
###.##.....## ####.#
..<.#.......## ##.##.#
###..........####gl.#.#
.............'.g@gS.).#
###..........####g.)#.#
#.#.......## ##.##.#
#.##...).## ####.#
#.###...### #.#
#.........# ..#
...###.##.# ### ....
#.##)# ....###.##.#


You could see Robin, an adder, a hobgoblin, 2 goblins and a frilled lizard.

Vanquished Creatures
  A dart slug (D:1)
  A leopard gecko (D:1)
  13 goblins
  6 hobgoblins
  4 kobolds (D:1)
  3 bats (D:1)
  2 frilled lizards (D:1)
  8 rats (D:1)
38 creatures vanquished.

Notes
Turn   | Place    | Note
-------+----------+-------------------------------------------
     0 | Abyss:1  | Gargoyl the Ghoul Abyssal Knight began the quest for the Orb.
     0 | Abyss:1  | Reached XP level 1. HP: 19/19 MP: 1/1
     0 | Abyss:1  | Found a corrupted altar of Lugonu.
    62 | Abyss:2  | Got an ancient whip
    63 | Abyss:2  | Identified the +8 whip of Komoyntiut {slash, *Corrode rC+ rN+} (You found it on level 2 of the Abyss)
    86 | Abyss:2  | Noticed a small abomination
    90 | D:1      | Escaped the Abyss
   192 | D:1      | Reached XP level 2. HP: 26/26 MP: 2/2
   193 | D:1      | Reached * piety under Lugonu
   339 | D:1      | Reached skill level 1 in Dodging
   656 | D:1      | Reached XP level 3. HP: 33/33 MP: 3/3
   947 | D:2      | Noticed Robin
  1097 | D:2      | Reached skill level 4 in Fighting
  1124 | D:2      | Slain by a hobgoblin

Skill      XL: |  1  2  3 |
---------------+----------+-----
Armour         | 2 |  2.2
Dodging        | 1 |  1.1
Axes           | 2 |  2.0
Fighting       | 4 |  4.0
Maces & Flails | |  0.1
Shields        | |  0.6
Invocations    | |  2.1

Action                   || total
-------------------------++-------
Melee: Whip              ||   229
       Hand axe          ||    20
Invok: Depart the Abyss  ||     1
  Use: Scroll            ||     6
       Potion            ||     3
  Eat: Chunk             ||    22
Armor: Leather armour    ||     5
       Chain mail        ||   150
Dodge: Dodged            ||    27
Block: Large shield      ||   165
